 Dungeon Crawl Stone Soup version 0.27.0-1-g7a08968 (webtiles) character file.

Game seed: 3380328406535464603

609 Illumine the Magician (level 7, -1/40 HPs)
             Began as a Kobold Air Elementalist on Aug 9, 2021.
             Slain by a gnoll (9 damage)
             ... on level 5 of the Dungeon.
             The game lasted 00:13:02 (6917 turns).

Illumine the Magician (Kobold Air Elementalist)     Turns: 6917, Time: 00:13:03

Health: -1/40      AC:  2    Str:  6    XL:     7   Next: 71%
Magic:  7/14       EV: 16    Int: 18    God:
Gold:   273        SH:  0    Dex: 15    Spells: 5/15 levels left

rFire    . . .     SeeInvis .   l - +0 quarterstaff
rCold    . . .     Faith    .   (shield currently unavailable)
rNeg     . . .     Spirit   .   a - +0 robe
rPois    .         Reflect  .   (no helmet)
rElec    .         Harm     .   (no cloak)
rCorr    .         Rampage  .   (no gloves)
Will     .....                  (no boots)
Stlth    +++.......             (no amulet)
HPRegen  0.13/turn              s - ring of wizardry
MPRegen  0.14/turn              (no ring)

@: no status effects
A: small, no large weapons, nightstalker 3
a: no special abilities


You were on level 5 of the Dungeon.
You visited 1 branch of the dungeon, and saw 5 of its levels.
You also visited: Ossuary.

You collected 273 gold pieces.

Inventory:

Hand Weapons
 d - a +0 club
 l - a +0 quarterstaff (weapon)
Missiles
 o - 3 curare-tipped darts
Armour
 a - a +0 robe (worn)
Jewellery
 s - a ring of wizardry (left hand)
 y - a ring of fire
Scrolls
 b - a scroll of magic mapping {unknown}
 c - 5 scrolls of identify {unknown}
 e - a scroll of torment {unknown}
 g - a scroll of blinking {unknown}
 h - a scroll of amnesia {unknown}
 i - 2 scrolls of teleportation {unknown}
 m - a scroll of summoning {unknown}
 n - a scroll of holy word {unknown}
 p - a scroll of enchant weapon {unknown}
 q - a scroll of fear {unknown}
 w - a scroll of noise {unknown}
 x - a scroll of vulnerability {unknown}
Potions
 f - a potion of mutation {unknown}
 j - a potion of flight {unknown}
 k - a potion of curing {unknown}
 r - 2 potions of heal wounds {unknown}
 t - 2 potions of lignification {unknown}
 u - a potion of degeneration {unknown}
 v - a potion of berserk rage {unknown}
 z - a potion of magic {unknown}


   Skills:
 + Level 2.1 Fighting
 - Level 2.0 Staves
 + Level 4.2 Dodging
 - Level 2.6 Stealth
 * Level 4.8 Spellcasting
 + Level 3.2 Conjurations
 + Level 4.3 Air Magic


You had 5 spell levels left.
You knew the following spells:

 Your Spells              Type           Power      Damage    Failure   Level
a - Shock                 Conj/Air       72%        1d7       1%          1
b - Static Discharge      Conj/Air       18%        N/A       1%          2
c - Swiftness             Air            20%        N/A       2%          3
d - Airstrike             Air            10%        N/A       9%          4

Your spell library contained the following spells:

 Spells                   Type           Power      Damage    Failure   Level
 Foxfire                  Conj/Fire      40%        2x1d6     2%          1
 Conjure Flame            Conj/Fire      10%        6-21      9%          3
 Inner Flame              Hex/Fire       4%         N/A       16%         3


Dungeon Overview and Level Annotations

Branches:
Dungeon (5/15)            Ossuary (visited)
 Temple: D:4-7

Altars:

Annotations:
D:4 Pikel


Innate Abilities, Weirdness & Mutations

You are small and have problems with some larger weapons.
You are completely attuned to the shadows.


Message History

Aim: an iguana (lightly wounded, 75% to hit)
The zap hits the iguana.
The iguana is moderately wounded.
The iguana closely misses you.
Casting: Shock (safe; 1% risk of failure)
Confirm with . or Enter, or press ? or * to list all spells.
Aiming: Shock (safe; 1% risk of failure)
Press: ? - help, Shift-Dir - straight line, f/p - iguana
Aim: an iguana (moderately wounded, 75% to hit)
The zap hits the iguana.
The iguana is heavily wounded.
The iguana barely misses you.
Unknown command.
Casting: Shock (safe; 1% risk of failure)
Confirm with . or Enter, or press ? or * to list all spells.
Aiming: Shock (safe; 1% risk of failure)
Press: ? - help, Shift-Dir - straight line, f/p - iguana
Aim: an iguana (heavily wounded, 75% to hit)
The zap hits the iguana.
The iguana is almost dead.
The iguana bites you.
Unknown command.
Casting: Shock (safe; 1% risk of failure)
Confirm with . or Enter, or press ? or * to list all spells.
Okay, then.
Casting: Shock (safe; 1% risk of failure)
Confirm with . or Enter, or press ? or * to list all spells.
The gnoll is struck by an arc of lightning.
The gnoll is heavily wounded.
You are struck by an arc of lightning.
The lightning grounds out.
The gnoll hits you with a +0 club!
* * * LOW HITPOINT WARNING * * *
The iguana closely misses you.
Casting: Static Discharge (safe; 1% risk of failure)
Confirm with . or Enter, or press ? or * to list all spells.
Aiming: Shock (safe; 1% risk of failure)
Press: ? - help, Shift-Dir - straight line, f/p - iguana
Aim: an iguana (almost dead, 75% to hit)
The zap misses the iguana.
The gnoll hits you with a +0 club!
You die...

..♣ #.#
..##.####
#......#
#..#.l.#
#.#.##>#
#.##...######
#.##.#.......
#l##....g.[..
#.@g...(<..).
####.########
#.#


You could see an iguana and a gnoll.

Vanquished Creatures
  3 elf zombies (Ossuary)
  3 centaur zombies
  2 human zombies (Ossuary)
  A killer bee zombie (D:5)
  2 hound zombies (Ossuary)
  A hound skeleton (D:4)
  3 mummies (Ossuary)
  A gnoll (D:5)
  3 adders
  4 adder zombies (Ossuary)
  An adder skeleton (D:4)
  A worm (D:3)
  3 dart slugs
  An orc (D:2)
  7 ball pythons
  7 bats
  5 endoplasms
  2 gnoll zombies (Ossuary)
  10 goblins
  8 hobgoblins
  3 quokkas
  2 frilled lizards
  2 goblin zombies (Ossuary)
  2 hobgoblin zombies (Ossuary)
  3 jackal zombies (Ossuary)
  2 kobolds (D:1)
  2 kobold zombies (Ossuary)
  2 orc zombies (Ossuary)
  5 quokka zombies (Ossuary)
  6 rats
  5 rat zombies (Ossuary)
102 creatures vanquished.

Notes
Turn   | Place    | Note
-------+----------+-------------------------------------------
     0 | D:1      | Illumine the Kobold Air Elementalist began the quest for
                  | the Orb.
     0 | D:1      | Reached XP level 1. HP: 10/10 MP: 3/3
   201 | D:1      | Reached XP level 2. HP: 15/15 MP: 1/5
   246 | D:1      | Learned a level 2 spell: Static Discharge
   995 | D:1      | Reached XP level 3. HP: 19/19 MP: 2/6
  1073 | D:1      | Learned a level 3 spell: Swiftness
  2054 | D:2      | Reached XP level 4. HP: 18/24 MP: 1/8
  2539 | D:2      | Found a faded altar of an unknown god.
  3863 | D:4      | Noticed a scorpion
  3925 | D:4      | Found a sand-covered staircase.
  3931 | Ossuary  | Entered an ossuary
  3987 | Ossuary  | Reached XP level 5. HP: 13/28 MP: 0/10
  4149 | Ossuary  | Learned a level 4 spell: Airstrike
  4210 | Ossuary  | Reached skill level 1 in Staves
  4629 | Ossuary  | Reached XP level 6. HP: 24/33 MP: 6/11
  4984 | Ossuary  | Reached skill level 1 in Fighting
  5788 | Ossuary  | Reached XP level 7. HP: 38/38 MP: 9/13
  6425 | D:4      | Noticed Pikel
  6702 | D:5      | Entered Level 5 of the Dungeon
  6917 | D:5      | Slain by a gnoll

Illustrated notes

Levels and vault maps discovered:
D:1:      minmay_arrival_semitransparent, layout_basic,
          amcnicky_mini_corridor_feature, minmay_misc_feat_five,
          kennysheep_nondescript, minmay_tall_x
D:2:      layout_basic, shapermc_ecumenical_altar_petra, kennysheep_doodads,
          minmay_liquid_box
D:3:      layout_loops_ring
D:4:      layout_cave_pools, nicolae_ossuary_entry_monument,
          nicolae_elemental_shop, kennysheep_generic_room_5, uniq_pikel
D:5:      layout_loops_cross, nicolae_yredelemnul_corpse_copse,
          minmay_temple_entry_arrows

Skill      XL: |  1  2  3  4  5  6  7 |
---------------+----------------------+-----
Conjurations   | 2 3 |  3.2
Spellcasting   | 3 4 |  4.8
Dodging        | 3 4 |  4.2
Staves         | 1 2 |  2.0
Fighting       | 1 2 |  2.1
Air Magic      | 4 |  4.3
Stealth        | |  2.6

Action                   |  1- 3 |  4- 6 |  7- 9 || total
-------------------------+-------+-------+-------++-------
Melee: Club              |     5 |       |       ||     5
       Quarterstaff      |       |    92 |     6 ||    98
 Cast: Shock             |    72 |   162 |    71 ||   305
       Swiftness         |       |     1 |     1 ||     2
       Static Discharge  |       |       |     3 ||     3
       Airstrike         |       |       |     2 ||     2
 Stab: Sleeping          |       |     5 |       ||     5
Armor: Robe              |     1 |    17 |     9 ||    27
Dodge: Dodged            |    25 |   136 |    50 ||   211
